 Dungeon Crawl Stone Soup version 0.28.0 (webtiles) character file.

Game seed: 4344754156389944018

228 pkoi the Chiller (level 5, -1/38 HPs)
             Began as a Draconian Ice Elementalist on Feb 16, 2022.
             Slain by a killer bee (2 damage)
             ... on level 4 of the Dungeon.
             The game lasted 00:03:56 (4126 turns).

pkoi the Chiller (Draconian Ice Elementalist)       Turns: 4126, Time: 00:03:56

Health: -1/38      AC:  6    Str: 10    XL:     5   Next: 70%
Magic:  3/8        EV: 12    Int: 18    God:
Gold:   170        SH:  0    Dex: 11    Spells: 4/8 levels left

rFire   . . .      SeeInvis .   k - +0 quarterstaff
rCold   . . .      Faith    .   (shield currently unavailable)
rNeg    . . .      Spirit   .   (armour unavailable)
rPois   .          Reflect  .   (helmet restricted)
rElec   .          Harm     .   (no cloak)
rCorr   .          Rampage  .   j - +0 pair of gloves
Will    .....                   (no boots)
Stlth   ++........              (no amulet)
HPRegen 0.12/turn               (no ring)
MPRegen 0.11/turn               (no ring)

@: lethally poisoned (-1 -> -15)
A: AC +5, unfitting armour, cold-blooded
a: no special abilities


You were on level 4 of the Dungeon.
You visited 1 branch of the dungeon, and saw 4 of its levels.

You collected 170 gold pieces.

Inventory:

Hand Weapons
 a - a +0 whip
 k - a +0 quarterstaff (weapon)
Missiles
 d - 72 arrows
Armour
 c - a +1 pair of gloves
 j - a +0 pair of gloves (worn)
Scrolls
 l - a scroll of identify {unknown}
 m - a scroll of brand weapon {unknown}
Potions
 b - a potion of lignification {unknown}
 e - a potion of flight {unknown}
 f - a potion of degeneration {unknown}
 g - a potion of attraction {unknown}
 h - a potion of curing {unknown}
 i - 2 potions of cancellation {unknown}


   Skills:
 - Level 1.7 Dodging
 - Level 1.7 Stealth
 - Level 2.0 Spellcasting
 + Level 7.0 Ice Magic


You had 4 spell levels left.
You knew the following spells:

 Your Spells              Type           Power      Damage    Failure   Level
a - Freeze                Ice            100%       1d11      1%          1
b - Frozen Ramparts       Ice            54%        1d7       3%          3

Your spell library contained the following spells:

 Spells                   Type           Power      Damage    Failure   Level
 Ozocubu's Armour         Ice            27%        N/A       3%          3
 Hailstorm                Conj/Ice       14%        3d5       38%         4
 Fireball                 Conj/Fire      0%         3d3       99%         5
 Iskenderun's Battlesphe  Conj           1%         2d6       99%         5
 Conjure Ball Lightning   Conj/Air       0%         3x3d6     100%        6
 Orb of Destruction       Conj           0%         9d5       100%        7


Dungeon Overview and Level Annotations

Branches:
Dungeon (4/15)
 Temple: D:4-7

Altars:
Nemelex Xobeh
Uskayaw
Vehumet

Shops:
D:1 (

Annotations:
D:3 exclusion: statue


Innate Abilities, Weirdness & Mutations

Your plain brown scales are hard. (AC +5)
You cannot fit into any form of body armour.
You are cold-blooded and may be slowed by cold attacks.


Message History

The killer bee barely misses you.
The wall freezes the killer bee. x2
The killer bee closely misses you.
The wall freezes the killer bee.
The killer bee barely misses you.
The wall freezes the killer bee.
The killer bee stings you.
* * * LOW HITPOINT WARNING * * *
The wall freezes the killer bee.
Unknown command.
You completely miss the killer bee.
The killer bee is moderately wounded.
The wall freezes the killer bee.
The killer bee stings you but does no damage.
The wall freezes the killer bee.
The killer bee closely misses you.
The wall freezes the killer bee.
The killer bee barely misses you.
The wall freezes the killer bee. x2; The killer bee stings you.
* * * LOW HITPOINT WARNING * * *
The wall freezes the killer bee.
The killer bee misses you.
The wall freezes the killer bee.
The killer bee stings you but does no damage.
The wall freezes the killer bee.
The wall freezes the killer bee but does no damage.
The killer bee misses you.
The wall freezes the killer bee.
The killer bee stings you.
* * * LOW HITPOINT WARNING * * *
The wall freezes the killer bee.
The killer bee closely misses you.
Unknown command.
Unknown command.
You miss the killer bee.
The killer bee is heavily wounded.
The frozen ramparts melt away.
The killer bee stings you but does no damage.
The killer bee stings you.
* * * LOW HITPOINT WARNING * * *
The killer bee stings you.
* * * LOW HITPOINT WARNING * * *
You are lethally poisoned!
The killer bee poisons you! The killer bee stings you.
* * * LOW HITPOINT WARNING * * *
You are more poisoned.
The killer bee poisons you! The killer bee stings you.
You die...

.K##... #.......##..
...#......# ##.........##
.##. #......###.>### ..#.
##........#....# ##....
##.<...##...##.###......
#......yy.!.!...#.......
#.......@yy†.....y.......
#..<.###+###.....y.y.....
#....## ##............
..$... #............
....... ####.........
....S.. .........#.
..######>.# #.. .## #. #


You could see 4 killer bees.

Vanquished Creatures
  A killer bee (D:4)
  A centaur skeleton (D:2)
  An orc priest (D:4)
  4 gnolls (D:4)
  2 adders (D:3)
  2 worms
  An orc (D:4)
  5 ball pythons
  3 bats
  4 endoplasms
  4 giant cockroaches
  8 goblins
  7 hobgoblins
  3 jackals (D:3)
  A quokka (D:1)
  2 frilled lizards (D:3)
  7 kobolds
  9 rats
65 creatures vanquished.

Vanquished Creatures (others)
  4 plants (D:2)
4 creatures vanquished.

Grand Total: 69 creatures vanquished

Notes
Turn   | Place    | Note
-------+----------+-------------------------------------------
     0 | D:1      | pkoi the Draconian Ice Elementalist began the quest for the
                  | Orb.
     0 | D:1      | Reached XP level 1. HP: 14/14 MP: 3/3
   235 | D:1      | Reached XP level 2. HP: 20/20 MP: 0/5
   703 | D:1      | Found a faded altar of an unknown god.
   816 | D:1      | Found Jianaise's Weapon Boutique.
   938 | D:1      | Reached skill level 5 in Ice Magic
  1008 | D:1      | Reached XP level 3. HP: 18/26 MP: 6/6
  1207 | D:1      | Learned a level 3 spell: Frozen Ramparts
  2246 | D:2      | Reached XP level 4. HP: 33/33 MP: 5/7
  3392 | D:3      | Found a radiant altar of Vehumet.
  3392 | D:3      | Noticed a charred statue
  3552 | D:3      | Reached skill level 6 in Ice Magic
  3926 | D:4      | Found a hide-covered altar of Uskayaw.
  3929 | D:4      | Found a sparkling altar of Nemelex Xobeh.
  3931 | D:4      | Noticed a necrophage
  3933 | D:4      | Reached XP level 5. HP: 38/38 MP: 3/8
  4100 | D:4      | Noticed a water moccasin
  4124 | D:4      | Reached skill level 7 in Ice Magic
  4126 | D:4      | HP: 1/38 [killer bee (4)]
  4126 | D:4      | Slain by a killer bee

Illustrated notes

Levels and vault maps discovered:
D:1:      lightli_arrival_maybe_door_vault, layout_basic,
          shapermc_ecumenical_altar_starsandcircs, serial_shops, shop,
          hex_intersection, minmay_split_cup_small
D:2:      layout_loops_cross, serial_forest, infiniplex_forest_straight_4,
          infiniplex_forest_lined_room_, infiniplex_forest_end_1,
          infiniplex_forest_clump_double, infiniplex_forest_lined_2,
          infiniplex_forest_fountain, infiniplex_forest_clump_large,
          infiniplex_forest_lined_room_2, infiniplex_forest_straight_3,
          infiniplex_forest_clump_long
D:3:      layout_basic, vehumet_statue
D:4:      layout_cave_pools, grunt_temple_overflow_open, kennysheep_flooded_box,
          uniq_eustachio

Skill      XL: |  1  2  3  4  5 |
---------------+----------------+-----
Ice Magic      | 5 6 7 |  7.0
Dodging        | |  1.7
Stealth        | |  1.7
Spellcasting   | |  2.0

Action                   |  1- 3 |  4- 6 || total
-------------------------+-------+-------++-------
Melee: Whip              |    78 |    34 ||   112
       Unarmed           |     6 |       ||     6
       Tailslap          |    14 |     8 ||    22
       Punch             |     2 |     1 ||     3
       Quarterstaff      |       |    20 ||    20
 Cast: Freeze            |    22 |    29 ||    51
       Frozen Ramparts   |       |     2 ||     2
  Use: Scroll            |       |     1 ||     1
Armor: Skin              |    41 |    29 ||    70
Dodge: Dodged            |    78 |    48 ||   126
